AoeStats
← Silicio14Si

Black Forest

507617113Analyzed
4v4 RM · 15d ago on Sep 19, 2026· 48m 57s· 8 players
Game mode
Random Map
Map size
Large (8 player)
Population
200
Speed
Normal
Resources
Standard
Victory
Conquest
Starting age
Dark Age
Ending age
Imperial Age
RankedLock teamsTeams togetherTeam positionsShared explorationLock speedFull tech treeHidden civsTurbo modeCheats
Victory
Defeat
🇳🇿 Bohemians · New Zealand
1004
+14
🇲🇽 Dravidians · Mexico
1003
+14
🇲🇽 Poles · Mexico
994
+14
🇲🇽 Spanish · Mexico
901
+18
🇨🇦 Persians · Canada
1018
-17
🇨🇦 Bohemians · Canada
1011
-17
🇲🇽 Spanish · Mexico
951
-15
🇨🇦 Burgundians · Canada
842
-11
ElGongo
1:48 Loom
8:23 Loom
11:44 Feudal Age
12:36 Double-Bit Axe
15:52 Town Watch
19:42 Castle Age
19:33 Fletching
24:26 Redemption
25:39 Town Watch
25:52 Bodkin Arrow
30:46 Horse Collar
36:18 Imperial Age
34:22 Gold Mining
34:41 Scale Barding Armor
34:37 Pikeman
36:39 Wheelbarrow
36:52 Forging
36:57 Bow Saw
38:29 Chemistry
39:10 Elite Skirmisher
VictorWatch
0:34 Loom
13:21 Feudal Age
13:58 Double-Bit Axe
13:55 Horse Collar
15:38 Wheelbarrow
14:48 Town Watch
22:28 Castle Age
25:09 Bow Saw
25:05 Heavy Plow
31:10 Imperial Age
29:01 Fervor
28:37 Treadmill Crane
30:58 Fortified Wall
31:51 Chemistry
32:22 Ballistics
33:02 Fortified Wall
33:03 Masonry
34:23 Conscription
33:25 Pikeman
34:06 Squires
33:51 Arson
34:46 Hand Cart
35:01 Murder Holes
35:15 Siege Engineers
35:53 Town Patrol
36:04 Forging
35:55 Scale Mail Armor
38:54 Two-Man Saw
37:55 Fletching
38:40 Iron Casting
38:28 Halberdier
40:15 Padded Archer Armor
40:33 Caravan
41:00 Elite Hussite Wagon
43:47 Architecture
43:13 Murder Holes
45:48 Bombard Tower
48:13 Blast Furnace
47:28 Chain Mail Armor
47:09 Bodkin Arrow
DeceptiveBaguette
9:26 Loom
11:21 Feudal Age
13:04 Double-Bit Axe
13:00 Horse Collar
17:53 Wheelbarrow
17:29 Fishing Lines
23:34 Castle Age
22:00 Gold Mining
22:01 Stone Mining
22:38 Town Watch
25:02 Heavy Plow
25:14 Bow Saw
26:50 Coinage
28:42 Stone Shaft Mining
30:41 Hand Cart
30:28 Town Patrol
32:51 Gillnets
33:21 Fletching
36:50 Bodkin Arrow
38:41 Caravan
39:32 Scale Barding Armor
40:50 Masonry
41:02 Ballistics
40:40 Murder Holes
43:15 Chain Barding Armor
49:10 Gold Shaft Mining
Darth_Doge03
0:54 Loom
11:17 Feudal Age
10:36 Double-Bit Axe
12:12 Horse Collar
15:25 Wheelbarrow
18:53 Heavy Plow
22:22 Castle Age
21:16 Gold Mining
21:22 Stone Mining
23:16 Stone Shaft Mining
23:18 Gold Shaft Mining
22:59 Bow Saw
27:13 Two-Man Saw
26:47 Crop Rotation
27:34 Squires
28:34 Light Cavalry
29:14 Husbandry
31:03 Murder Holes
31:00 Fletching
39:46 Imperial Age
37:33 Hand Cart
38:40 Cavalier
41:28 Chemistry
41:00 Pikeman
43:06 Fortified Wall
44:17 Caravan
46:32 Hussar
Silicio14Si
0:51 Loom
15:04 Feudal Age
15:48 Gold Mining
15:41 Horse Collar
15:48 Double-Bit Axe
17:01 Padded Archer Armor
20:21 Castle Age
22:01 Forging
25:15 Fletching
27:43 Bodkin Arrow
27:43 Town Watch
31:26 Heavy Plow
31:41 Bow Saw
32:09 Leather Archer Armor
33:01 Wheelbarrow
36:24 Imperial Age
34:55 Hand Cart
41:13 Ring Archer Armor
41:36 Conscription
42:58 Elite Conquistador
46:21 Chemistry
BearKing89
0:30 Loom
13:25 Feudal Age
17:29 Castle Age
18:45 Double-Bit Axe
20:48 Bow Saw
21:27 Wheelbarrow
22:46 Horse Collar
23:47 Heavy Plow
27:48 Caravan
32:16 Imperial Age
30:14 Hand Cart
30:34 Padded Archer Armor
30:24 Fletching
31:28 Medical Corps
31:48 Thumb Ring
32:15 Ballistics
32:06 Masonry
31:59 Bodkin Arrow
32:20 Leather Archer Armor
32:19 Elite Elephant Archer
34:04 Chemistry
33:00 Murder Holes
34:26 Two-Man Saw
34:54 Hoardings
34:26 Town Watch
34:54 Bracer
35:24 Ring Archer Armor
35:38 Gold Mining
35:39 Stone Mining
37:54 Husbandry
42:20 Bombard Tower
giarc324
0:26 Loom
13:29 Feudal Age
17:49 Castle Age
15:35 Fishing Lines
16:00 Double-Bit Axe
15:56 Horse Collar
21:27 Wheelbarrow
24:21 Bow Saw
24:12 Gillnets
24:32 Town Watch
25:10 Heavy Plow
26:24 Hand Cart
31:28 Imperial Age
29:33 Town Patrol
30:42 Chemistry
30:03 Ballistics
29:52 Caravan
30:32 Fletching
30:42 Padded Archer Armor
30:49 Pikeman
31:46 Bodkin Arrow
32:08 Leather Archer Armor
32:03 Wagenburg Tactics
32:35 Conscription
33:37 Two-Man Saw
33:09 Elite Skirmisher
33:11 Halberdier
34:00 Bracer
34:30 Ring Archer Armor
35:28 Scale Mail Armor
35:38 Forging
36:43 Squires
38:22 Houfnice
39:50 Iron Casting
39:30 Chain Mail Armor
42:34 Plate Mail Armor
43:04 Blast Furnace
42:04 Arson
43:48 Siege Engineers
45:48 Sanctity
45:38 Fervor
danny dillinger
0:32 Loom
12:36 Feudal Age
13:07 Horse Collar
13:21 Gold Mining
13:18 Double-Bit Axe
16:42 Loom
19:20 Castle Age
20:18 Man-at-Arms
21:04 Fishing Lines
24:38 Bloodlines
24:05 Light Cavalry
27:43 Bow Saw
31:36 Imperial Age
31:02 Forging
30:52 Scale Mail Armor
30:58 Scale Barding Armor
31:23 Murder Holes
31:57 Heavy Plow
33:30 Chemistry
35:14 Iron Casting
35:01 Chain Barding Armor
37:10 Fletching
38:21 Blast Furnace
37:22 Padded Archer Armor
37:38 Chain Mail Armor
40:36 Stone Mining
40:55 Siege Engineers
41:11 Ballistics
41:12 Bombard Tower
40:43 Guard Tower
41:21 Gillnets
43:23 Lechitic Legacy
44:55 Plate Mail Armor
44:20 Bodkin Arrow
44:41 Leather Archer Armor
46:16 Fervor
46:22 Block Printing
48:14 Crop Rotation
47:50 Caravan
47:52 Bracer
47:58 Arson
48:14 Squires
48:38 Conscription
49:07 Sanctity
48:22 Capped Ram
Connection lost

Rejoining the realm…

Still unreachable

The connection could not be restored.

Session expired

The server has moved on; the page needs a fresh start.